 Dungeon Crawl Stone Soup version 0.29-a0-1027-gcd8c55af63 (webtiles) character file.

Game seed: 3808914888576342634

29 27heaven the Slasher (level 3, -7/26 HPs)
             Began as an Octopode Monk on Aug 13, 2022.
             Was a Priest of Lugonu.
             Mangled by an ogre
             ... wielding a +0 giant club
              (33 damage)
             ... on level 2 of the Dungeon.
             The game lasted 00:02:11 (903 turns).

27heaven the Slasher (Octopode Monk)                 Turns: 903, Time: 00:02:12

Health: -7/26      AC:  3    Str: 10    XL:     3   Next: 16%
Magic:  3/3        EV: 14    Int: 12    God:    Lugonu [***...]
Gold:   56         SH:  0    Dex: 16    Spells: 2/2 levels left

rFire   . . .      SeeInvis .   a - +0 falchion
rCold   . . .      Faith    .   (no shield)
rNeg    . . .      Spirit   .   d - +2 hat
rPois   .          Reflect  .   (no amulet)
rElec   .          Harm     .   (no ring)
rCorr   .          Rampage  .   (no ring)
Will    .....                   (no ring)
Stlth   +++.......              (no ring)
HPRegen 0.08/turn               (no ring)
MPRegen 0.08/turn               (no ring)
                                (no ring)
                                (no ring)

@: no status effects
A: almost no armour, amphibious, 8 rings, camouflage 1, gelatinous body 1,
(nimble swimmer 1), tentacles
a: Renounce Religion, Depart the Abyss, Bend Space, Banish


You were on level 2 of the Dungeon.
You worshipped Lugonu.
Lugonu was most pleased with you.
You visited 1 branch of the dungeon, and saw 2 of its levels.

You collected 56 gold pieces.

Inventory:

Hand Weapons
 a - a +0 falchion (weapon)
Armour
 d - a +2 hat (worn)
Scrolls
 c - a scroll of enchant armour {unknown}
 e - a scroll of immolation {unknown}
 f - a scroll of fog {unknown}
 i - a scroll of blinking {unknown}
 k - a scroll of teleportation {unknown}
Potions
 b - a potion of ambrosia
 g - 2 potions of magic {unknown}
 h - a potion of brilliance {unknown}
 j - 2 potions of lignification {unknown}
 l - 2 potions of might {unknown}
 m - a potion of mutation {unknown}


   Skills:
 - Level 3.0 Fighting
 + Level 4.2 Long Blades
 - Level 3.0 Dodging
 - Level 2.6 Stealth


You had 2 spell levels left.
You didn't know any spells.
Your spell library was empty.

Dungeon Overview and Level Annotations

Branches:
Dungeon (2/15)

Altars:
Lugonu


Innate Abilities, Weirdness & Mutations

You cannot wear most types of armour.
You are amphibious.
You can wear up to eight rings at the same time.
Your skin changes colour to match your surroundings (Stealth+).
Your rubbery body absorbs attacks. (AC +1, EV +1)
((You are camouflaged when in or above water. (Stealth+)))
You have tentacles for arms and can constrict up to eight enemies at once.


Message History

There is a stone staircase leading down here.
There is a stone staircase leading down here.
You climb downwards.
Found a murky amethyst potion.
There is a stone staircase leading up here.
Found a stone staircase leading down.
You see here a murky amethyst potion.
j - 2 murky amethyst potions (gained 1)
There is a stone staircase leading up here.
The helpless dart slug fails to defend itself.
You slash the dart slug! You grab the dart slug.
The dart slug is almost dead.
You constrict the dart slug.
You kill the dart slug!
Lugonu accepts your kill.
No target in view!
No target in view!
m - a black potion
Found a chain mail.
l - 2 brown potions (gained 1)
Found a mace.
A kobold comes into view. It is wielding a +0 whip.
An ogre comes into view. It is wielding a +0 giant club.
A kobold comes into view. It is wielding a +0 club.
The helpless kobold fails to defend itself.
You hit the kobold.
You kill the kobold!
Lugonu accepts your kill.
Things that are here:
a +0 whip; 3 stones The helpless ogre fails to defend itself.
You hit the ogre.
The ogre is lightly wounded.
The ogre closely misses you.
You hit the ogre but do no damage. You hit the ogre. You squeeze the ogre!
The ogre is heavily wounded.
The ogre hits you with a +0 giant club!!
Ouch! That really hurt!
You die...

... .....##
#....K .>.#
###+###....#
...#
#..........
...#
#.........
...#
#......).###
...#
#........@O#
...#
#........###
...#
####...#..#
...#
#|..##....
.<.# #...#
..### .###
#...# .## .#
##...# ..
.######
#....######.##
......#
#.............


You could see an ogre.

Vanquished Creatures
  A dart slug (D:2)
  3 bats (D:1)
  4 endoplasms (D:1)
  3 goblins (D:1)
  A hobgoblin (D:1)
  4 kobolds
  A quokka (D:1)
  4 ball pythons (D:1)
  A frilled lizard (D:1)
  3 rats (D:1)
25 creatures vanquished.

Notes
Turn   | Place    | Note
-------+----------+-------------------------------------------
     0 | D:1      | 27heaven the Octopode Monk began the quest for the Orb.
     0 | D:1      | Reached XP level 1. HP: 16/16 MP: 1/1
   159 | D:1      | Found a faded altar of an unknown god.
   162 | D:1      | Reached XP level 2. HP: 21/21 MP: 2/2
   168 | D:1      | Prayed at the altar of an unknown god.
   168 | D:1      | Became a worshipper of Lugonu the Unformed
   168 | D:1      | Reached * piety under Lugonu
   168 | D:1      | Reached ** piety under Lugonu
   168 | D:1      | Reached *** piety under Lugonu
   474 | D:1      | Reached skill level 4 in Long Blades
   766 | D:1      | Reached XP level 3. HP: 26/26 MP: 3/3
   895 | D:2      | Noticed an ogre
   903 | D:2      | Mangled by an ogre

Illustrated notes

Levels and vault maps discovered:
D:1:      co_arrival_square_in_a_square_in_a_square, layout_basic,
          basic_ecumenical_altar
D:2:      layout_basic, minmay_misc_feat_plants, minmay_between

Skill      XL: |  1  2 |
---------------+-------+-----
Long Blades    | 4 |  4.2
Fighting       | |  3.0
Dodging        | |  3.0
Stealth        | |  2.6

Action                   || total
-------------------------++-------
Melee: Falchion          ||    42
       Constrict         ||     9
       Tentacles         ||     3
 Stab: Sleeping          ||    13
Armor: Skin              ||     6
Dodge: Dodged            ||    21

Table legend: (Time is in decaauts)
 A = Elapsed time spent in this place.
 B = Non-inter-level travel time spent in this place.
 C = Inter-level travel time spent in this place.
 D = Time resting spent in this place.
 E = Time spent auto-exploring this place.
 F = Levels seen in this place.
 G = Mean time per level.
                   A        B        C        D        E       F      G
               +--------+--------+--------+--------+--------+-----+--------+
         Total |    907 |    907 |      0 |      0 |    625 |   2 |  453.5 |
       Dungeon |    907 |    907 |      0 |      0 |    625 |   2 |  453.5 |
               +--------+--------+--------+--------+--------+-----+--------+

Top non-repeatable levels by time:
     D:1: 861 daAuts
     D:2: 46 daAuts
